 Dungeon Crawl Stone Soup version 0.29-a0-542-g075992c915 (webtiles) character file.

Game seed: 2109089480897458389

462 CrazyBamboolord the Magician (level 6, 0/41 HPs)
             Began as a Mummy Necromancer on June 1, 2022.
             Slain by Edmund
             ... wielding a +3 flail of protection
              (14 damage)
             ... on level 4 of the Dungeon on June 4, 2022.
             The game lasted 00:13:19 (3914 turns).

CrazyBamboolord the Magician (Mummy Necromancer)    Turns: 3914, Time: 00:13:20

Health: 0/41       AC:  6    Str: 11    XL:     6   Next: 79%
Magic:  0/15       EV: 12    Int: 14    God:
Gold:   132        SH:  0    Dex: 12    Spells: 8/17 levels left

rFire   + + .      SeeInvis .   h - +7 short sword of Gloom {vorpal, rElec rF+++ Int-3 Stlth+}
rCold   + . .      Faith    .   (no shield)
rNeg    + + +      Spirit   .   f - +0 animal skin
rPois   ∞          Reflect  .   g - +1 helmet
rElec   +          Harm     .   (no cloak)
rCorr   .          Rampage  .   (no gloves)
Will    .....                   d - +1 pair of boots
Stlth   +++.......              (no amulet)
HPRegen 0.13/turn               j - ring of wizardry
MPRegen 0.14/turn               (no ring)

@: animating dead
A: cold resistance 1, negative energy resistance 3, torment resistance 2, heat
vulnerability 1, in touch with death 1, no potions
a: no special abilities


You were on level 4 of the Dungeon.
You visited 1 branch of the dungeon, and saw 4 of its levels.

You collected 132 gold pieces.

Inventory:

Hand Weapons
 h - the +7 short sword of Gloom (weapon) {vorpal, rElec rF+++ Int-3 Stlth+}
   (You found it on level 2 of the Dungeon)

   It inflicts extra damage upon your enemies.
   Int:       It affects your intelligence (-3).
   rF:        It renders you almost immune to fire.
   rElec:     It insulates you from electricity.
   Stlth:     It makes you more stealthy.
Armour
 d - a +1 pair of boots (worn)
 f - a +0 animal skin (worn)
 g - a +1 helmet (worn)
Jewellery
 j - a ring of wizardry (left hand)
Scrolls
 a - a scroll of enchant weapon {unknown}
 b - a scroll of torment
 c - a scroll of fog {unknown}
 e - a scroll of noise
 i - 2 scrolls of immolation
 k - a scroll of identify {unknown}
 l - a scroll of teleportation
 m - a scroll of magic mapping
 n - a scroll of fear {unknown}
 o - a scroll of blinking


   Skills:
 * Level 2.8 Dodging
 + Level 2.3 Stealth
 * Level 6.1 Spellcasting
 + Level 0.4 Hexes
 * Level 5.7 Necromancy


You had 8 spell levels left.
You knew the following spells:

 Your Spells              Type           Power      Damage    Failure   Level
a - Necrotize             Necr           100%       1d9       1%          1
b - Vampiric Draining     Necr           30%        2d8       1%          3
c - Animate Dead          Necr           30%        N/A       6%          4
d - Slow                  Hex            20%        N/A       5%          1

Your spell library contained the following spells:

 Spells                   Type           Power      Damage    Failure   Level
 Sandblast                Erth           8%         2d5       6%          1
 Passwall                 Tmut/Erth      3%         N/A       10%         2
 Confusing Touch          Hex            5%         N/A       16%         3
 Agony                    Necr           30%        N/A       16%         5
 Stone Arrow              Conj/Erth      8%         3d7       19%         3
 Summon Mana Viper        Hex/Summ       4%         N/A       82%         5
 Summon Forest            Summ/Tloc      2%         N/A       83%         5
 Summon Cactus Giant      Summ           2%         N/A       100%        6


Dungeon Overview and Level Annotations

Branches:
Dungeon (4/15)
 Temple: D:4-7

Altars:
Fedhas
Hepliaklqana
Okawaru
Ru
Sif Muna
Zin

Annotations:
D:2 1 runed translucent door, Crazy Yiuf
D:3 3 runed translucent doors, JosephDoom's ghost, amateur OgTm
D:4 Edmund


Innate Abilities, Weirdness & Mutations

You are immune to poison.
Your flesh is cold resistant. (rC+)
You are immune to negative energy. (rN+++)
You are immune to unholy pain and torment.
You are vulnerable to heat. (rF-)
You are in touch with the powers of death.
You do not drink.


Message History

You feel a surge of power!
Edmund writhes in agony.
Unknown command.
The goblin shoots a sling bullet.
The sling bullet hits you but does no damage.
Edmund attacks as you move away!
Edmund hits you with a +3 flail of protection.
Casting: Necrotize (safe; 1% risk of failure)
Confirm with . or Enter, or press ? or * to list all spells.
Aiming: Vampiric Draining (safe; 1% risk of failure)
Press: ? - help, Shift-Dir - straight line, f/p - Edmund
Aim: Edmund, wielding a +3 flail of protection and wearing a +0 scale mail (moderately wounded)
You feel a surge of power!
You miscast Vampiric Draining.
You are very lightly contaminated with residual magic.
Nothing appears to happen.
Edmund misses you. Edmund attacks as you move away! Edmund closely misses you.
The goblin shoots a sling bullet.
The sling bullet barely misses you.
The goblin shoots a sling bullet.
The sling bullet closely misses you.
Found a scroll of blinking and 18 gold pieces.
The goblin shoots a sling bullet.
The sling bullet hits you but does no damage.
Edmund attacks as you move away! Edmund barely misses you.
You see here a scroll of blinking.
Casting: Vampiric Draining (safe; 1% risk of failure)
Confirm with . or Enter, or press ? or * to list all spells.
Aiming: Vampiric Draining (safe; 1% risk of failure)
Press: ? - help, Shift-Dir - straight line, f/p - Edmund
Aim: Edmund, wielding a +3 flail of protection and wearing a +0 scale mail (moderately wounded)
You feel a surge of power!
You draw life force from Edmund!
You feel life coursing into your body.
Edmund hits you with a +3 flail of protection!
o - a scroll of blinking Edmund barely misses you.
Your magical contamination has completely faded away.
You closely miss Edmund.
Edmund is severely wounded.
Edmund hits you with a +3 flail of protection!
You closely miss Edmund.
Edmund is severely wounded.
Edmund hits you with a +3 flail of protection!
You die...

# ..###
.....#####
........o###
.......#@.g###
.......@##...##
........###.o.###
.........
###..g###
..$......#
###...###
.........#
##....###.
........##
#######......
.......## ##..##
##..##. ......#
##....###..##
##......@..##


You could see Edmund, an orc and a goblin.

Vanquished Creatures
  Pargi (D:3)
  A black bear (D:4)
  A phantom (D:4)
  Natasha (thrice) (D:3)
  Robin (D:2)
  3 adders
  2 dart slugs
  3 orcs
  7 endoplasms
  10 goblins
  16 hobgoblins
  6 kobolds
  7 ball pythons
  9 bats
  3 frilled lizards
  5 rats
78 creatures vanquished.

Vanquished Creatures (collateral kills)
  A dart slug (D:2)
  2 goblins (D:2)
  A hobgoblin (D:1)
  2 rats (D:1)
6 creatures vanquished.

Vanquished Creatures (others)
  30 plants (D:1)
30 creatures vanquished.

Grand Total: 114 creatures vanquished

Notes
Turn   | Place    | Note
-------+----------+-------------------------------------------
     0 | D:1      | CrazyBamboolord the Mummy Necromancer began the quest for
                  | the Orb.
     0 | D:1      | Reached XP level 1. HP: 13/13 MP: 4/4
   233 | D:1      | Found a faded altar of an unknown god.
   403 | D:1      | Reached skill level 3 in Spellcasting
   403 | D:1      | Reached XP level 2. HP: 19/19 MP: 3/6
   844 | D:1      | Gained mutation: You are in touch with the powers of death.
                  | [Mummy growth]
   844 | D:1      | Reached XP level 3. HP: 23/24 MP: 1/7
   848 | D:1      | Learned a level 3 spell: Vampiric Draining
  1225 | D:2      | Noticed Robin
  1410 | D:2      | Killed Robin
  1486 | D:2      | Reached XP level 4. HP: 27/30 MP: 3/9
  1549 | D:2      | Learned a level 4 spell: Animate Dead
  1644 | D:2      | Identified the +7 short sword of Gloom {vorpal, rElec rF+++
                  | Int-3 Stlth+}
  1663 | D:2      | Upgraded the game from 0.29-a0-521-g59ce8b2d47 to
                  | 0.29-a0-542-g075992c915
  1789 | D:2      | Reached skill level 4 in Spellcasting
  1970 | D:2      | Found a runed translucent door.
  1971 | D:2      | Noticed Crazy Yiuf
  2166 | D:2      | Learned a level 1 spell: Slow
  2306 | D:3      | Noticed Pargi
  2310 | D:3      | Noticed Natasha
  2619 | D:3      | Found a runed translucent gate.
  2619 | D:3      | Found a runed translucent gate.
  2620 | D:3      | Found a runed translucent gate.
  2628 | D:3      | Noticed JosephDoom's ghost (amateur OgTm)
  2655 | D:3      | Killed Pargi
  2656 | D:3      | Reached skill level 5 in Necromancy
  2656 | D:3      | Reached XP level 5. HP: 31/35 MP: 4/12
  2901 | D:3      | Found a hazy altar of Hepliaklqana.
  2954 | D:3      | Reached skill level 5 in Spellcasting
  3063 | D:3      | Killed Natasha
  3078 | D:3      | Noticed Natasha
  3084 | D:3      | Killed Natasha
  3305 | D:3      | Noticed Natasha
  3363 | D:3      | Killed Natasha
  3364 | D:3      | Reached XP level 6. HP: 41/41 MP: 5/14
  3545 | D:3      | Found a sacrificial altar of Ru.
  3545 | D:3      | Found an iron altar of Okawaru.
  3576 | D:3      | Found a shimmering blue altar of Sif Muna.
  3578 | D:3      | Found a blossoming altar of Fedhas.
  3887 | D:4      | Noticed Edmund
  3890 | D:4      | Reached skill level 6 in Spellcasting
  3914 | D:4      | Slain by Edmund

Illustrated notes

Levels and vault maps discovered:
D:1:      eino_arrival_tree_alley, layout_loops_ring,
          nicolae_ecumenical_lake_church, minmay_misc_feat_cross,
          minmay_curled_crystal, minmay_octomino_c4
D:2:      layout_rooms, uniq_robin, uniq_crazy_yiuf_cottage
D:3:      layout_loops_cross, nicolae_overflow_hidden_temple,
          ebering_ghost_rock_garden, uniq_pargi, uniq_natasha
D:4:      layout_cave_pods, marbit_many_paths, uniq_edmund

Skill      XL: |  1  2  3  4  5  6 |
---------------+-------------------+-----
Spellcasting   | 3 4 5 6 |  6.1
Dodging        | 2 |  2.8
Necromancy     | 5 |  5.7
Stealth        | 2 |  2.3
Hexes          | |  0.4

Action                   |  1- 3 |  4- 6 || total
-------------------------+-------+-------++-------
Melee: Unarmed           |    50 |       ||    50
       Short sword       |       |    63 ||    63
 Cast: Necrotize         |    63 |    46 ||   109
       Vampiric Draining |     1 |     4 ||     5
       Slow              |       |     4 ||     4
       Animate Dead      |       |     1 ||     1
  Use: Scroll            |       |     9 ||     9
 Stab: Sleeping          |       |    10 ||    10
Armor: Robe              |     9 |       ||     9
       Animal skin       |       |    29 ||    29
Dodge: Dodged            |    25 |    62 ||    87

Table legend: (Time is in decaauts)
 A = Elapsed time spent in this place.
 B = Non-inter-level travel time spent in this place.
 C = Inter-level travel time spent in this place.
 D = Time resting spent in this place.
 E = Time spent auto-exploring this place.
 F = Levels seen in this place.
 G = Mean time per level.
                   A        B        C        D        E       F      G
               +--------+--------+--------+--------+--------+-----+--------+
         Total |   3925 |   3651 |    274 |    422 |   2489 |   4 |  981.2 |
       Dungeon |   3925 |   3651 |    274 |    422 |   2489 |   4 |  981.2 |
               +--------+--------+--------+--------+--------+-----+--------+

Top non-repeatable levels by time:
     D:1: 1453 daAuts
     D:3: 1188 daAuts
     D:2: 984 daAuts
     D:4: 300 daAuts
